 Dungeon Crawl Stone Soup version 0.23-a0-565-g3e74e4c (webtiles) character file.

6412 nikopol the Cleaver (level 10, -2/88 HPs)
             Began as a Minotaur Berserker on Dec 13, 2018.
             Was a High Priest of Trog.
             Slain by an unseen horror (4 damage)
             ... on level 8 of the Dungeon.
             The game lasted 00:16:01 (7211 turns).

nikopol the Cleaver (Minotaur Berserker)            Turns: 7211, Time: 00:16:02

Health: -2/88      AC: 11    Str: 22    XL:     10   Next: 66%
Magic:  9/9        EV: 14    Int:  4    God:    Trog [*****.]
Gold:   528        SH:  0    Dex: 13    Spells: 9/9 levels left

rFire    . . .     SeeInvis .   a - +0 war axe
rCold    . . .     Gourm    .   (no shield)
rNeg     . . .     Faith    .   w - +0 ring mail (curse)
rPois    .         Spirit   .   u - +1 hat
rElec    .         Reflect  .   O - +2 cloak {+Inv}
rCorr    .         Harm     .   (no gloves)
MR       +....                  (no boots)
Stlth    ++........             (no amulet)
HPRegen  0.24/turn              i - ring of stealth
MPRegen  0.11/turn              l - ring of protection from magic

@: lethally poisoned (-2 -> -15), berserk cooldown, slowed, very slow
A: retaliatory headbutt, horns 2
a: Berserk, Trog's Hand, Brothers in Arms, Renounce Religion, Evoke Invisibility


You were on level 8 of the Dungeon.
You worshipped Trog.
Trog was extremely pleased with you.
You were not hungry.

You visited 1 branch of the dungeon, and saw 8 of its levels.

You collected 528 gold pieces.

Inventory:

Hand Weapons
 a - a +0 war axe (weapon)
 o - the +1 mace "Danar" {antimagic, rPois rN+}
   (You found it on level 5 of the Dungeon)

   It reduces the magical energy of the wielder, and disrupts the spells and
   magical abilities of those hit.
   Natural abilities and divine invocations are not affected.
   It protects you from poison.
   It protects you from negative energy.
 z - a +0 shortbow
 B - a +0 mace of crushing
 F - a +2 dire flail of draining
Missiles
 n - 41 arrows
Armour
 p - a +0 scale mail
 u - a +1 hat (worn)
 w - a cursed +0 ring mail (worn)
 A - a +1 cloak
 O - a +2 cloak of invisibility (worn)
Jewellery
 i - a ring of stealth (left hand)
 l - a ring of protection from magic (right hand)
Wands
 b - a wand of acid (12)
 k - a wand of paralysis (3)
 D - a wand of digging (13)
 M - a wand of polymorph (10)
 P - a wand of clouds (4)
Scrolls
 d - 5 scrolls of teleportation
 e - a scroll of blinking {unknown}
 g - 2 scrolls of enchant armour
 r - a scroll of random uselessness {unknown}
 t - 2 scrolls of magic mapping {unknown}
 y - a scroll of fog {unknown}
 E - a scroll of immolation {unknown}
 G - a scroll of vulnerability {unknown}
 J - a scroll of remove curse {unknown}
 K - 4 scrolls of identify
Potions
 f - 2 potions of might
 h - a potion of invisibility
 j - 2 potions of haste
 q - a potion of agility
 s - 6 potions of curing
 v - 3 potions of brilliance
 x - a potion of lignification
 C - a potion of mutation
 H - a potion of heal wounds
 I - a potion of cancellation {unknown}
 L - a potion of resistance {unknown}
 N - a potion of berserk rage
Comestibles
 c - 4 rations


   Skills:
 + Level 7.9 Fighting
 * Level 11.9 Axes
 * Level 9.3 Bows
 + Level 7.8 Armour
 + Level 5.4 Dodging
 + Level 1.3 Stealth


You had 9 spell levels left.
You didn't know any spells.
Your spell library was empty.

Dungeon Overview and Level Annotations

Branches:
Dungeon (8/15)             Temple (0/1) D:5
   Lair: D:8-11

Altars:
Ashenzari
Cheibriados
Dithmenos
Fedhas
Hepliaklqana
Makhleb
Nemelex Xobeh
Ru
Vehumet
Wu Jian
Xom
Yredelemnul
The Shining One
Lugonu

Shops:
D:6 [   D:8 *

Annotations:
D:8 1 transporter


Innate Abilities, Weirdness & Mutations

You reflexively headbutt those who attack you in melee.
You have a pair of horns on your head.


Message History

Trog accepts your kill.
You feel sick. Something hits you.
* * * LOW HITPOINT WARNING * * *
You feel sick. Something hits you!
* * * LOW HITPOINT WARNING * * *
You feel a strong urge to attack something.
You feel sick.
You are no longer berserk.
You are exhausted.
You feel yourself slow down.
* * * LOW HITPOINT WARNING * * *
You feel sick. Something hits you.
* * * LOW HITPOINT WARNING * * *
* * * LOW HITPOINT WARNING * * *
You feel very sick. Something hits you but does no damage.
* * * LOW HITPOINT WARNING * * *
You feel very sick. Something hits you.
You die...

#.#..≈≈≈≈≈≈ #.##...≈≈≈.
#.####..... #..........
#####...... #### ## #....?.
#$.# .#########...... %?.##
###=.#............. ....##
##.@..#.......#...>.
####...###...###.......#.....
#.###.......###........#.....
##...##.....##..........#.....
#....©#.._.©#©..........#.....
#....##....†##..........#.....
#..###.......###..<.....+.....
#.###...###...###.......#.....
#.#....## ##..#.#.......#.....


There were no monsters in sight!

Vanquished Creatures
  Pikel (D:6)
  2 ugly things (D:8)
  Maurice (D:8)
  Prince Ribbit (D:6)
  Grinder (D:6)
  A hippogriff (D:7)
  4 small abominations (D:8)
  Eustachio (D:4)
  2 hungry ghosts (D:7)
  Menkaure (D:6)
  2 water moccasins
  Duvessa (D:4)
  2 phantoms
  2 ice beasts
  A sky beast (D:6)
  A slave (D:6)
  4 ogres
  A black bear (D:7)
  A big kobold (D:7)
  A centaur (D:5)
  Blork the orc (D:5)
  A gnoll sergeant (D:4)
  3 bullfrogs
  Dowan (D:4)
  3 scorpions
  6 killer bees (D:8)
  8 crimson imps
  A bullfrog zombie (D:5)
  A centaur zombie (D:5)
  Crazy Yiuf (D:4)
  2 jellies (D:8)
  3 orc priests
  A gnoll shaman (D:5)
  A hound (D:7)
  An iguana (D:4)
  A centaur skeleton (D:7)
  Ijyb (D:5)
  7 orc wizards
  5 worker ants
  2 hound zombies
  10 gnolls
  A howler monkey zombie (D:7)
  5 adders
  2 shadow imps (D:8)
  An ooze (D:3)
  2 adder zombies
  6 worms
  2 dart slugs
  4 leopard geckos
  20 orcs
  4 bats
  7 giant cockroaches
  7 goblins
  6 hobgoblins
  11 jackals
  4 quokkas
  A ball python (D:1)
  A frilled lizard (D:2)
  7 kobolds
  A leopard gecko skeleton (D:4)
  A quokka skeleton (D:7)
  4 rats
188 creatures vanquished.

Vanquished Creatures (others)
  A giant cockroach (D:2)
1 creature vanquished.

Grand Total: 189 creatures vanquished

Notes
Turn   | Place    | Note
-------+----------+-------------------------------------------
     0 | D:1      | nikopol the Minotaur Berserker began the quest for the Orb.
     0 | D:1      | Reached XP level 1. HP: 19/19 MP: 0/0
   487 | D:1      | Reached XP level 2. HP: 27/27 MP: 1/1
   545 | D:1      | Reached skill level 4 in Axes
   902 | D:2      | Found a glowing golden altar of the Shining One.
  1086 | D:2      | Reached XP level 3. HP: 33/33 MP: 2/2
  1096 | D:2      | Found a radiant altar of Vehumet.
  1376 | D:2      | Reached ** piety under Trog
  1420 | D:2      | Found a shadowy altar of Dithmenos.
  1616 | D:3      | Reached XP level 4. HP: 36/41 MP: 3/3
  2039 | D:3      | Found an ornate altar of the Wu Jian Council.
  2234 | D:4      | Noticed a gnoll sergeant
  2247 | D:4      | Killed a gnoll sergeant
  2247 | D:4      | Reached skill level 5 in Axes
  2247 | D:4      | Reached XP level 5. HP: 27/47 MP: 4/4
  2451 | D:4      | Noticed a phantom
  2497 | D:4      | Killed a phantom
  2497 | D:4      | Reached XP level 6. HP: 19/55 MP: 5/5
  2763 | D:4      | Noticed Eustachio
  2776 | D:4      | Killed Eustachio
  2776 | D:4      | Reached skill level 5 in Fighting
  2776 | D:4      | Reached skill level 6 in Axes
  2776 | D:4      | Reached skill level 5 in Armour
  2829 | D:4      | Reached *** piety under Trog
  3046 | D:4      | Reached XP level 7. HP: 61/61 MP: 6/6
  3115 | D:4      | Found a runed door.
  3119 | D:4      | Noticed Crazy Yiuf
  3126 | D:4      | Killed Crazy Yiuf
  3179 | D:4      | Found a shimmering altar of Xom.
  3406 | D:4      | Found a burning altar of Makhleb.
  3413 | D:4      | Reached skill level 7 in Axes
  3430 | D:4      | Found a sparkling altar of Nemelex Xobeh.
  3526 | D:4      | Noticed Dowan
  3528 | D:4      | Noticed Duvessa
  3530 | D:4      | Killed Dowan
  3537 | D:4      | Killed Duvessa
  3793 | D:5      | Entered Level 5 of the Dungeon
  3806 | D:5      | Noticed Blork the orc
  3813 | D:5      | Killed Blork the orc
  3813 | D:5      | Reached skill level 8 in Axes
  3813 | D:5      | Reached XP level 8. HP: 70/70 MP: 7/7
  3868 | D:5      | Noticed Ijyb
  3880 | D:5      | Killed Ijyb
  3919 | D:5      | Reached **** piety under Trog
  3919 | D:5      | Reached skill level 9 in Axes
  4268 | D:5      | Found a staircase to the Ecumenical Temple.
  4378 | D:5      | Found a sacrificial altar of Ru.
  4518 | D:5      | Found a snail-covered altar of Cheibriados.
  4778 | D:5      | Got a translucent mace
  4779 | D:5      | Identified the +1 mace "Danar" {antimagic, rPois rN+} (You
                  | found it on level 5 of the Dungeon)
  5015 | D:6      | Reached skill level 5 in Dodging
  5054 | D:6      | Reached skill level 10 in Axes
  5066 | D:6      | Found a shattered altar of Ashenzari.
  5107 | D:6      | Reached skill level 1 in Bows
  5166 | D:6      | Found Echiuje's Armour Shoppe.
  5180 | D:6      | Noticed Pikel
  5253 | D:6      | Reached XP level 9. HP: 78/78 MP: 8/8
  5309 | D:6      | Noticed Menkaure
  5311 | D:6      | Noticed Grinder
  5320 | D:6      | Killed Grinder
  5321 | D:6      | Killed Menkaure
  5321 | D:6      | Reached skill level 1 in Stealth
  5434 | D:6      | Killed Pikel
  5434 | D:6      | Reached skill level 5 in Bows
  5508 | D:6      | Noticed Prince Ribbit
  5524 | D:6      | Killed Prince Ribbit
  5810 | D:7      | Reached skill level 11 in Axes
  5828 | D:7      | Reached ***** piety under Trog
  5941 | D:7      | Reached XP level 10. HP: 81/86 MP: 9/9
  5986 | D:7      | Found a basalt altar of Yredelemnul.
  6330 | D:8      | Found a hazy altar of Hepliaklqana.
  6385 | D:8      | Noticed Maurice
  6389 | D:8      | Received a gift from Trog
  6433 | D:8      | Killed Maurice
  6488 | D:8      | Found a blossoming altar of Fedhas.
  6538 | D:8      | Found Aluicant's Assorted Antiques.
  7099 | D:8      | Found a corrupted altar of Lugonu.
  7134 | D:8      | Found a transporter.
  7135 | D:8      | Found a transporter.
  7135 | D:8      | Noticed a red ugly thing
  7189 | D:8      | Noticed a green ugly thing
  7198 | D:8      | Killed a green ugly thing
  7202 | D:8      | Killed a red ugly thing
  7211 | D:8      | HP: 2/88 [poisoned by a green ugly thing]
  7211 | D:8      | Slain by an unseen horror

Vault maps used:
D:1:      eino_arrival_cavern_e, amethyst_killhole, minivault_27
D:2:      fiery_altar_vehumet, grunt_dithmenos_smoke, lemuel_round_altar
D:3:      lemuel_doored_altar
D:4:      kennysheep_mini, led_xom_imps, nicolae_overflow_hidden_temple,
          first_ration, uniq_crazy_yiuf_cottage, uniq_duvessa, uniq_eustachio
D:5:      old_standard_altar, minmay_temple_entry_mini_moons,
          cheibriados_altar_1, uniq_blork_the_orc, uniq_ijyb
D:6:      lemuel_crystal_altar, serial_shops, shop, lemuel_another_geyser,
          uniq_prince_ribbit1, uniq_grinder, uniq_menkaure, uniq_pikel
D:7:      kennysheep_little_box
D:8:      gammafunk_corrupted_shrine, fedhas_ov_isle_minmay,
          lemuel_crystal_altar, serial_shops, shop, uniq_maurice

Skill      XL: |  1  2  3  4  5  6  7  8  9 10 |
---------------+-------------------------------+-----
Fighting       | 4 5 6 7 |  7.9
Axes           | 4 5 6 8 10 11 | 11.9
Armour         | 3 4 5 6 7 |  7.8
Dodging        | 3 4 5 |  5.4
Bows           | 1 7 9 |  9.3
Stealth        | 1 |  1.3

Action                   |  1- 3 |  4- 6 |  7- 9 | 10-12 || total
-------------------------+-------+-------+-------+-------++-------
Melee: Hand axe          |    76 |   127 |   165 |       ||   368
       Headbutt          |     6 |    27 |    54 |    13 ||   100
       War axe           |       |       |   114 |    64 ||   178
 Fire: Shortbow          |       |       |   105 |    64 ||   169
Invok: Berserk           |       |     4 |     6 |     1 ||    11
  Use: Scroll            |       |       |    12 |       ||    12
  Eat: Chunk             |     2 |     5 |    12 |     4 ||    23
       Ration            |       |     1 |     1 |     1 ||     3
Armor: Ring mail         |    15 |    20 |    87 |    23 ||   145
       Scale mail        |    13 |    27 |       |       ||    40
Dodge: Dodged            |    33 |    51 |   148 |    48 ||   280

Table legend:
 A = Non-vault XP
 B = Vault XP
 C = Vault XP percentage of total XP
 D = Non-vault monster count
 E = Vault monster count
 F = Vault count percentage of total count
                 A         B        C        D         E       F
            +---------+---------+-------+---------+---------+-------
      Total |    4906 |    4255 |  46.4 |     166 |      21 |  11.2
            +---------+---------+-------+---------+---------+-------
        D:1 |      20 |       0 |   0.0 |      11 |       0 |   0.0
        D:2 |      52 |       0 |   0.0 |      15 |       0 |   0.0
        D:3 |      72 |       0 |   0.0 |      25 |       0 |   0.0
        D:4 |     549 |     645 |  54.0 |      24 |       8 |  25.0
        D:5 |     899 |     130 |  12.6 |      30 |       2 |   6.2
        D:6 |     589 |    1349 |  69.6 |      12 |       4 |  25.0
        D:7 |    1761 |       0 |   0.0 |      32 |       0 |   0.0
        D:8 |     964 |    2131 |  68.9 |      17 |       7 |  29.2
            +---------+---------+-------+---------+---------+-------
